 Dungeon Crawl Stone Soup version 0.30-a0-1114-gd936c97349 (webtiles) character file.

Game seed: 14388085163801817749

3 sampeng1 the Chopper (level 1, -2/27 HPs)
             Began as a Human Berserker on Apr 21, 2023.
             Was a Follower of Trog.
             Slain by a ball python (3 damage)
             ... on level 1 of the Dungeon.
             The game lasted 00:00:33 (67 turns).

sampeng1 the Chopper (Human Berserker)                Turns: 67, Time: 00:00:33

Health: -2/27      AC:  2    Str: 17    XL:     1   Next: 55%
Magic:  1/1        EV:  9    Int:  7    God:    Trog [*.....]
Gold:   10         SH:  0    Dex: 12    Spells: 0/0 levels left

rFire   . . .      SeeInvis .    a - +0 hand axe
rCold   . . .      Faith    .    (no shield)
rNeg    . . .      Spirit   .    b - +0 animal skin
rPois   .          Reflect  .    (no helmet)
rElec   .          Rampage  .    (no cloak)
rCorr   .                        (no gloves)
Will    .....                    (no boots) Stlth
                                 (no amulet)
HPRegen 0.24/turn                (no ring)
MPRegen 0.07/turn                (no ring)

@: berserking, constricted, very quick
A: no striking features
a: Renounce Religion, Berserk


You were on level 1 of the Dungeon.
You worshipped Trog.
Trog was aware of your devotion.
You visited 1 branch of the dungeon, and saw 1 of its levels.

You collected 10 gold pieces.

Inventory:

Hand Weapons
 a - a +0 hand axe (weapon)
Armour
 b - a +0 animal skin (worn)
Scrolls
 c - a scroll of identify {unknown}


   Skills:
 + Level 3.0 Fighting
 + Level 3.0 Axes
 + Level 2.1 Armour
 + Level 2.0 Dodging


You couldn't memorise any spells.
You didn't know any spells.
Your spell library was empty.

Dungeon Overview and Level Annotations

Branches:
Dungeon (1/15)

Altars:


Message History

The hobgoblin closely misses you.
You hit the hobgoblin.
The hobgoblin is almost dead.
You hit the hobgoblin but do no damage. The hobgoblin barely misses you.
The hobgoblin hits you but does no damage.
You closely miss the hobgoblin.
The hobgoblin is almost dead.
You hit the hobgoblin.
You kill the hobgoblin!
Trog accepts your kill. The hobgoblin closely misses you.
You hit the hobgoblin but do no damage.
The hobgoblin is almost dead.
You hit the ball python. The ball python barely misses you. x2
The hobgoblin hits you. The ball python barely misses you.
The ball python grabs you. The ball python constricts you.
You barely miss the hobgoblin.
The hobgoblin is almost dead.
You hit the ball python but do no damage.
The hobgoblin hits you. The ball python bites you.
The ball python constricts you.
The hobgoblin hits you but does no damage.
You closely miss the hobgoblin.
The hobgoblin is severely wounded.
You hit the ball python but do no damage.
The ball python bites you.
* * * LOW HITPOINT WARNING * * *
The ball python constricts you. The hobgoblin hits you.
* * * LOW HITPOINT WARNING * * *
The ball python bites you but does no damage.
The ball python constricts you.
A red film seems to cover your vision as you go berserk!
You feel yourself moving faster!
You feel mighty! The ball python bites you.
* * * LOW HITPOINT WARNING * * *
The ball python constricts you. The hobgoblin hits you.
* * * LOW HITPOINT WARNING * * *
You closely miss the ball python.
The ball python is severely wounded.
You closely miss the hobgoblin. The ball python bites you.
You die...

#.### .. .. .# ....###...
.. . #.#. ...... .. .#
###..##... #.# .## #.####
.##.....# #..# ..##......
.......## #..###.)....#
........# #...##(....###
........# #@g..†.[...!
.)......# ##.S.........
........## ##..##.....#..
.♣♣♣♣♣...#####..#########
.♣♣♣♣♣.♣.......##
.♣∩∩∩.♣♣♣.⌠.####
∩.....∩♣♣...#
..♣♣♣..∩♣♣..#
...<...∩♣♣..#


You could see a hobgoblin and a ball python.

Vanquished Creatures
  2 hobgoblins (D:1)
  A kobold (D:1)
3 creatures vanquished.

Notes
Turn   | Place    | Note
-------+----------+-------------------------------------------
     0 | D:1      | sampeng1 the Human Berserker began the quest for the Orb.
     0 | D:1      | Reached XP level 1. HP: 18/18 MP: 1/1
    66 | D:1      | HP: 1/27 [hobgoblin (2)]
    67 | D:1      | Slain by a ball python

Illustrated notes

Levels and vault maps discovered:
D:1:      heliophobic_arrival_henge, layout_rooms, nrook_uturn

Action                     || total
---------------------------++-------
  Melee: Hand axe          ||    15
 Invoke: Berserk           ||     1
 Armour: Animal skin       ||     4
  Dodge: Dodged            ||    15

Table legend: (Time is in decaauts)
 A = Elapsed time spent in this place.
 B = Non-inter-level travel time spent in this place.
 C = Inter-level travel time spent in this place.
 D = Time resting spent in this place.
 E = Time spent auto-exploring this place.
 F = Levels seen in this place.
 G = Mean time per level.
                   A        B        C        D        E       F      G
               +--------+--------+--------+--------+--------+-----+--------+
         Total |     69 |     69 |      0 |      0 |      1 |   1 |   69.0 |
       Dungeon |     69 |     69 |      0 |      0 |      1 |   1 |   69.0 |
               +--------+--------+--------+--------+--------+-----+--------+

Top non-repeatable levels by time:
     D:1: 69 daAuts
